 Dungeon Crawl Stone Soup version 0.29-a0-375-g5102b3be25 (webtiles) character file.

Game seed: 2298861231363629122

268 chopper the Chopper (level 6, -10/55 HPs)
             Began as a Minotaur Fighter on May 4, 2022.
             Mangled by Pikel
             ... wielding a +0 whip of electrocution
              (18 damage)
             ... on level 4 of the Dungeon.
             The game lasted 00:16:50 (4587 turns).

chopper the Chopper (Minotaur Fighter)              Turns: 4587, Time: 00:16:50

Health: -10/55     AC:  9    Str: 22    XL:     6   Next: 1%
Magic:  5/5        EV:  8    Int:  5    God:
Gold:   239        SH:  4    Dex: 10    Spells: 5/5 levels left

rFire   . . .      SeeInvis .   a - +0 war axe
rCold   . . .      Faith    .   c - +0 buckler
rNeg    . . .      Spirit   .   j - +0 chain mail
rPois   .          Reflect  .   (helmet restricted)
rElec   .          Harm     .   (no cloak)
rCorr   .          Rampage  .   (no gloves)
Will    .....                   (no boots)
Stlth   ..........              (no amulet)
HPRegen 0.18/turn               (no ring)
MPRegen 0.09/turn               (no ring)

@: no status effects
A: horns 2, retaliatory headbutt
a: no special abilities


You were on level 4 of the Dungeon.
You visited 1 branch of the dungeon, and saw 4 of its levels.

You collected 239 gold pieces.

Inventory:

Hand Weapons
 a - a +0 war axe (weapon)
 t - a +1 flail of protection
 u - a +2 hand axe of venom
Missiles
 p - 18 poisoned darts (quivered)
Armour
 c - a +0 buckler (worn)
 j - a +0 chain mail (worn)
Jewellery
 g - a ring of magical power
Wands
 r - a wand of paralysis (4)
Scrolls
 b - a scroll of amnesia {unknown}
 e - 3 scrolls of teleportation
 f - a scroll of identify
 h - a scroll of enchant weapon {unknown}
 m - 4 scrolls of immolation
 n - a scroll of fog {unknown}
 o - a scroll of fear {unknown}
Potions
 d - a potion of might
 i - 2 potions of heal wounds
 k - a potion of flight {unknown}
 l - 2 potions of curing {unknown}
 q - a potion of magic {unknown}
 s - 2 potions of resistance
 v - a potion of brilliance {unknown}


   Skills:
 + Level 4.8 Fighting
 + Level 5.5 Axes
 + Level 4.5 Armour
 + Level 1.6 Dodging
 + Level 0.4 Stealth
 + Level 4.0 Shields


You had 5 spell levels left.
You didn't know any spells.
Your spell library contained the following spells:

 Spells                   Type           Power      Damage    Failure   Level
 Magic Dart               Conj           0%         1d3       99%         1
 Call Imp                 Summ           0%         N/A       100%        2
 Mephitic Cloud           Conj/Pois/Air  0%         N/A       100%        3


Dungeon Overview and Level Annotations

Branches:
Dungeon (4/15)
 Temple: D:4-7

Altars:
Qazlal

Annotations:
D:4 Pikel


Innate Abilities, Weirdness & Mutations

You have a pair of horns on your head.
You reflexively headbutt those who attack you in melee.


Message History

Pikel attacks as you move away! You block Pikel's attack.
Pikel attacks as you move away!
Pikel hits you with a +0 whip of electrocution.
You see here a +0 dagger.
Pikel attacks as you move away!
Pikel hits you with a +0 whip of electrocution.
Pikel attacks as you move away! Pikel hits you but does no damage.
Pikel attacks as you move away! Pikel hits you but does no damage.
Pikel attacks as you move away! Pikel hits you but does no damage.
You see here a +0 war axe.
Pikel attacks as you move away! Pikel closely misses you.
Pikel attacks as you move away! Pikel barely misses you.
Pikel attacks as you move away! You block Pikel's attack.
Pikel attacks as you move away! Pikel barely misses you.
You furiously retaliate!
You headbutt Pikel. Pikel attacks as you move away!
Pikel hits you with a +0 whip of electrocution!
Pikel attacks as you move away! Pikel hits you but does no damage.
Pikel attacks as you move away! Pikel hits you but does no damage.
You are electrocuted!!
Pikel attacks as you move away! You block Pikel's attack.
Pikel attacks as you move away!
Pikel hits you with a +0 whip of electrocution.
* * * LOW HITPOINT WARNING * * *
You are electrocuted!
* * * LOW HITPOINT WARNING * * *
As you read the scroll labelled YBIX UNYESUTHA, it crumbles to dust.
It is a scroll of identify.
m - 4 scrolls of immolation Pikel barely misses you.
As you read the scroll of identify, it crumbles to dust.
e - 3 scrolls of teleportation Pikel barely misses you.
As you read the scroll of identify, it crumbles to dust.
s - 2 potions of resistance Pikel closely misses you.
As you read the scroll of identify, it crumbles to dust.
i - 2 potions of heal wounds Pikel hits you but does no damage.
You are electrocuted!!
You die...

####.######5.#### #####
#######....5..5..#..... #...#
#.......##.#####.#>.... #.#.#
#.####...รท....##.#.###.
#.#)# #.# #.....##.##.#.# #.
#.#.###.####.....##.##.#.###.
#.#..............##....#.....
#.#####.########5############
#.......<...@K55.#
#######.########## #.# ###


You could see Pikel and 3 lemures.

Vanquished Creatures
  A jelly (D:4)
  Ijyb (D:3)
  An iguana (D:4)
  5 gnolls
  3 adders
  5 worms
  A dart slug (D:1)
  7 orcs
  3 bats
  12 endoplasms
  2 giant cockroaches (D:1)
  6 goblins
  9 hobgoblins
  4 jackals (D:1)
  7 kobolds
  7 ball pythons
  A frilled lizard (D:1)
  12 rats
87 creatures vanquished.

Notes
Turn   | Place    | Note
-------+----------+-------------------------------------------
     0 | D:1      | chopper the Minotaur Fighter began the quest for the Orb.
     0 | D:1      | Reached XP level 1. HP: 19/19 MP: 0/0
     1 | D:1      | Found a runed translucent door.
    89 | D:1      | Reached XP level 2. HP: 27/27 MP: 1/1
   344 | D:1      | Reached XP level 3. HP: 16/34 MP: 2/2
   551 | D:1      | Reached skill level 3 in Axes
  1435 | D:1      | Reached XP level 4. HP: 41/41 MP: 3/3
  1523 | D:1      | Found a faded altar of an unknown god.
  1969 | D:2      | Reached skill level 1 in Dodging
  2494 | D:3      | Reached skill level 4 in Axes
  2751 | D:3      | Reached XP level 5. HP: 34/47 MP: 4/4
  2983 | D:3      | Noticed Ijyb
  2989 | D:3      | Paralysed by Ijyb for 5 turns
  2999 | D:3      | Killed Ijyb
  3224 | D:3      | Found a stormy altar of Qazlal.
  3859 | D:4      | Reached skill level 5 in Axes
  4285 | D:4      | Reached XP level 6. HP: 55/55 MP: 5/5
  4516 | D:4      | Noticed Pikel
  4587 | D:4      | Mangled by Pikel

Illustrated notes

Levels and vault maps discovered:
D:1:      dpeg_arrival_caged_fury, layout_basic,
          ebering_ecumenical_altar_abandoned
D:2:      layout_rooms
D:3:      layout_loops_cross, nicolae_qazlal_general_emergency,
          minmay_surrounded, uniq_ijyb
D:4:      layout_basic, worldfamousw_hep_ancestral_shrine, uniq_pikel

Skill      XL: |  1  2  3  4  5 |
---------------+----------------+-----
Fighting       | 4 |  4.8
Armour         | 4 |  4.5
Axes           | 3 4 5 |  5.5
Shields        | 4 |  4.0
Dodging        | 1 |  1.6
Stealth        | |  0.4

Action                   |  1- 3 |  4- 6 || total
-------------------------+-------+-------++-------
Melee: War axe           |    70 |   103 ||   173
       Headbutt          |    12 |    17 ||    29
Throw: Dart              |       |     3 ||     3
  Use: Scroll            |       |     4 ||     4
Armor: Scale mail        |    46 |     6 ||    52
       Chain mail        |       |    61 ||    61
Dodge: Dodged            |    46 |    57 ||   103
Block: Buckler           |    18 |    30 ||    48

Table legend: (Time is in decaauts)
 A = Elapsed time spent in this place.
 B = Non-inter-level travel time spent in this place.
 C = Inter-level travel time spent in this place.
 D = Time resting spent in this place.
 E = Time spent auto-exploring this place.
 F = Levels seen in this place.
 G = Mean time per level.
                   A        B        C        D        E       F      G
               +--------+--------+--------+--------+--------+-----+--------+
         Total |   4646 |   4646 |      0 |   1294 |      0 |   4 | 1161.5 |
       Dungeon |   4646 |   4646 |      0 |   1294 |      0 |   4 | 1161.5 |
               +--------+--------+--------+--------+--------+-----+--------+

Top non-repeatable levels by time:
     D:1: 1812 daAuts
     D:3: 1341 daAuts
     D:2: 754 daAuts
     D:4: 738 daAuts
